 Dungeon Sprint DCSS version 0.19-a0-996-g3cba913 (webtiles) character file.

435 Groucho the Cleaver (level 6, -2/99 HPs)
             Began as a Deep Dwarf Fighter on July 17, 2016.
             Was an Initiate of Makhleb.
             Slain by a deep troll (9 damage)
             ... in the Dungeon (Sprint I: "Red Sonja").
             The game lasted 00:03:09 (1192 turns).

Groucho the Cleaver (Deep Dwarf Fighter)            Turns: 1192, Time: 00:03:09

Health: -2/99      AC:  6    Str: 26    XL:     6   Next: 68%
Magic:  13/13      EV:  6    Int:  9    God:    Makhleb [......]
Gold:   298        SH:  8    Dex: 12    Spells: 0 memorised, 5 levels left

rFire  . . .     SeeInvis .     a - +0 war axe
rCold  . . .     Gourm    .     b - +0 scale mail
rNeg   . . .     Faith    .     c - +0 shield
rPois  .         Spirit   .     (no helmet)
rElec  .         Dismiss  .     (no cloak)
rCorr  .         Reflect  .     (no gloves)
SustAt .         Harm     .     (no boots)
MR     .....     NoTele   +     (no amulet)
Stlth  ..........               (no ring)
                                (no ring)

@: berserking, very slightly contaminated, non-regenerating, hasted, very
heavily drained, very quick, not resistant to hostile enchantments, extremely
unstealthy
A: damage resistance, recharge devices, sense surroundings 1, slow regeneration
3
a: Device Recharging, Renounce Religion


You were in the Dungeon.
You worshipped Makhleb.
Makhleb was noncommittal.
You were not hungry.

You visited 1 branch You collected 378 gold pieces.
You spent 80 gold pieces at shops.

Inventory:

Hand Weapons
 a - a +0 war axe (weapon)
Armour
 b - a +0 scale mail (worn)
 c - a +0 shield (worn)
Wands
 e - a wand of heal wounds (1/9)
Scrolls
 l - a scroll of blinking
 m - a scroll of identify {unknown}
Potions
 d - a potion of might
 g - a potion of curing
 j - 2 potions of magic
Books
 h - a book of Annihilations

   Spells                             Type                      Level
   a - Poison Arrow                   Conjuration/Poison           6
   b - Chain Lightning                Conjuration/Air              8
   c - Lehudib's Crystal Spear        Conjuration/Earth            8
   d - Glaciate                       Conjuration/Ice              9
   e - Fire Storm                     Conjuration/Fire             9


   Skills:
 * Level 7.1(0.0) Fighting
 * Level 11.2(0.0) Axes
 * Level 3.2(0.0) Armour
 * Level 3.2(0.0) Shields
 * Level 9.3(0.0) Evocations


You had 5 spell levels left.
You didn't know any spells.

Dungeon Overview and Level Annotations

Branches:
Dungeon (1/1)

Altars:
Elyvilon
Gozag
Hepliaklqana
Kikubaaqudgha
Makhleb
Nemelex Xobeh
Okawaru
Pakellas
Qazlal
Ru
Sif Muna
Trog
Uskayaw
Vehumet
Xom
Yredelemnul
Zin
The Shining One

Shops:
D !


Innate Abilities, Weirdness & Mutations

You are resistant to damage.
You can recharge devices by infusing magical energy.
You passively map a small area around you.
You do not regenerate naturally.


Message History

A deep troll comes into view.
The deep troll shouts!
Found 108 gold pieces.
There is an open door here.
You barely miss the deep troll. You block the deep troll's attack.
The deep troll claws you! x2
You hit the deep troll but do no damage.
You block the deep troll's attack. The deep troll claws you! x2
Evoke which item? (* to show all) (? for menu, Esc to quit)
Okay, then.
A red film seems to cover your vision as you go berserk!
You feel yourself moving faster!
You feel mighty!
You closely miss the deep troll. The deep troll bites you.
The deep troll claws you!
* * * LOW HITPOINT WARNING * * *
The deep troll claws you.
You barely miss the deep troll. The deep troll bites you!!
* * * LOW HITPOINT WARNING * * *
You block the deep troll's attack. The deep troll claws you!
You die...

#..#####'#####'# *
,
#..####..#...#(#*
,,
#..#__####..##.# *
* #..#_____##'#..+
≈ , ,
#⌠⌠#_.∩...'..._#≈
,
####_._._##_.#'#*+
* * #_____###'#.#,
,* *
#########.####+###
,, +.(.@T$.$$+ *
*+ * *#...#######
, ,* ##.## , **
#+# , * , , + , ,
, *,, , * , * , ,
≈ * , ,


You could see a deep troll.

Vanquished Creatures
  Sigmund (D)
  A yak (D)
  An ogre (D)
  A jelly (D)
  Ijyb (D)
5 creatures vanquished.

Vanquished Creatures (others)
  Sonja (D)
  A gargoyle (D)
2 creatures vanquished.

Grand Total: 7 creatures vanquished

Notes
Turn   | Place    | Note
-------+----------+-------------------------------------------
     0 | D        | Groucho the Deep Dwarf Fighter began the quest for the Orb.
     0 | D        | Reached XP level 1. HP: 20/20 MP: 1/1
     4 | D        | Noticed Ijyb
    14 | D        | Killed Ijyb
    14 | D        | Reached skill level 5 in Axes
    14 | D        | Reached XP level 2. HP: 30/30 MP: 1/4
    48 | D        | Noticed an ogre
    52 | D        | Killed an ogre
    52 | D        | Reached skill level 7 in Axes
    52 | D        | Reached skill level 5 in Evocations
    52 | D        | Reached XP level 3. HP: 38/38 MP: 5/7
    52 | D        | Reached XP level 4. HP: 45/45 MP: 5/8
    80 | D        | Noticed Sigmund
   107 | D        | Killed Sigmund
   107 | D        | Reached skill level 9 in Axes
   107 | D        | Reached XP level 5. HP: 18/55 MP: 8/11
   107 | D        | Reached XP level 6. HP: 20/62 MP: 8/12
   290 | D        | Killed a gargoyle
   352 | D        | Found a deep blue altar of Sif Muna.
   354 | D        | Found a radiant altar of Vehumet.
   359 | D        | Reached skill level 10 in Axes
   394 | D        | Found Ziaxegh's Distillery.
   394 | D        | Found a white marble altar of Elyvilon.
   394 | D        | Found a stormy altar of Qazlal.
   394 | D        | Found a burning altar of Makhleb.
   394 | D        | Found a sacrificial altar of Ru.
   394 | D        | Found a hazy altar of Hepliaklqana.
   394 | D        | Found an oddly glowing altar of Pakellas.
   394 | D        | Found a hide-covered altar of Uskayaw.
   394 | D        | Found a basalt altar of Yredelemnul.
   394 | D        | Found a glowing golden altar of the Shining One.
   394 | D        | Found a sparkling altar of Nemelex Xobeh.
   394 | D        | Found a shimmering altar of Xom.
   394 | D        | Found an opulent altar of Gozag.
   394 | D        | Found an ancient bone altar of Kikubaaqudgha.
   394 | D        | Found a glowing silver altar of Zin.
   394 | D        | Noticed a yak
   401 | D        | Killed a yak
   401 | D        | Reached skill level 11 in Axes
   402 | D        | Found an iron altar of Okawaru.
   709 | D        | Found a bloodstained altar of Trog.
   714 | D        | Became a worshipper of Makhleb the Destroyer
   734 | D        | Bought a potion of invisibility for 80 gold pieces
   743 | D        | Noticed Sonja
  1175 | D        | Killed Sonja
  1186 | D        | Noticed a deep troll
  1192 | D        | Slain by a deep troll

Vault maps used:
D:        dungeon_sprint_1

Skill      XL: |  1  2  3  4  5  6 |
---------------+-------------------+-----
Fighting       | 3 4 6 7 |  7.1
Axes           | 5 7 9 11 | 11.2
Evocations     | 3 5 8 9 |  9.3
Armour         | |  3.2
Shields        | |  3.2

Action                   |  1- 3 |  4- 6 || total
-------------------------+-------+-------++-------
Melee: War axe           |    14 |    59 ||    73
Evoke: Wand              |       |     4 ||     4
  Use: Potion            |       |     4 ||     4
 Stab: Invisible         |       |     5 ||     5
  Eat: Bread ration      |       |     1 ||     1
Armor: Scale mail        |     4 |    31 ||    35
Dodge: Dodged            |     4 |    25 ||    29
Block: Shield            |     7 |    31 ||    38
